 Dungeon Crawl Stone Soup version 0.19-a0-1238-gee6bd96 (webtiles) character file.

1088 MovingMist the Skirmisher (level 8, -1/76 HPs)
             Began as a Naga Fighter on Aug 26, 2016.
             Was an Initiate of Okawaru.
             Slain by a giant frog (2 damage)
             ... on level 6 of the Dungeon.
             The game lasted 00:13:09 (4589 turns).

MovingMist the Skirmisher (Naga Fighter)            Turns: 4589, Time: 00:13:09

Health: -1/76      AC:  9    Str: 19    XL:     8   Next: 30%
Magic:  8/8        EV:  7    Int:  9    God:    Okawaru [......]
Gold:   233        SH:  0    Dex: 14    Spells: 0 memorised, 7 levels left

rFire  . . .     SeeInvis +     t - +0 battleaxe
rCold  . . .     Gourm    .     v - +0 chain mail
rNeg   . . .     Faith    .     (shield currently unavailable)
rPois  +         Spirit   .     (no helmet)
rElec  .         Dismiss  .     p - +0 cloak
rCorr  .         Reflect  .     (no gloves)
MR     +....     Harm     .     (no barding)
Stlth  ..........               (no amulet)
                                (no ring)
                                c - +2 ring of dexterity

@: very slow
A: see invisible, deformed body, poison resistance, slowness 2, slow metabolism
1, spit poison 2, AC +2
a: Spit Poison, Renounce Religion


You were on level 6 of the Dungeon.
You worshipped Okawaru.
Okawaru was noncommittal.
You were hungry.

You visited 1 branch of the dungeon, and saw 6 of its levels.

You collected 233 gold pieces.

Inventory:

Hand Weapons
 t - a +0 battleaxe (weapon)
Armour
 g - a +0 plate armour
 p - a +0 cloak (worn)
 v - a +0 chain mail (worn)
Jewellery
 c - a +2 ring of dexterity (left hand)
Wands
 q - a wand of iceblast (5/15)
 s - a wand of random effects (31/48)
Scrolls
 a - a scroll of remove curse {unknown}
 e - a scroll of identify
 i - 3 scrolls of fog
Potions
 b - a potion of might
 d - a potion of ambrosia
 k - a potion of invisibility
 l - a potion of resistance
 n - a potion of brilliance
Comestibles
 f - 3 bread rations
 h - 2 slices of pizza
 j - a royal jelly
 m - 4 fruits
 o - a meat ration
 r - 2 beef jerkies


   Skills:
 + Level 5.7 Fighting
 + Level 5.0 Axes
 + Level 4.4 Armour
 + Level 3.8 Dodging
   Level 2.4 Shields


You had 7 spell levels left.
You didn't know any spells.

Dungeon Overview and Level Annotations

Branches:
Dungeon (6/15)
 Temple: D:4-7

Altars:
Gozag
Kikubaaqudgha
Okawaru
Ru
Sif Muna
Zin


Innate Abilities, Weirdness & Mutations

You cannot wear boots.
Your serpentine skin is tough. (AC +2)
You have supernaturally acute eyesight. (SInv)
Armour fits poorly on your strangely shaped body.
Your system is resistant to poisons. (rPois)
You cover ground very slowly.
You have a slow metabolism.
You can spit poison.


Message History

The phantom hits you but does no damage. x2
You closely miss the phantom.
The phantom is severely damaged.
The phantom blinks!
A giant frog comes into view.
The giant frog croaks.
The phantom hits you.
* * * LOW HITPOINT WARNING * * *
You hit the phantom.
The phantom is severely damaged.
You hit the giant frog.
The giant frog hits you but does no damage.
The giant frog hits you.
* * * LOW HITPOINT WARNING * * *
The phantom hits you but does no damage.
Your chain mail prevents you from hitting the giant frog.
The giant frog is moderately wounded.
You barely miss the phantom. The giant frog closely misses you.
The phantom blinks!
The giant frog hits you.
You die...

.....# ## .....# #.
.....# ..# ###.#.....##
#..##..........#
...............#
.........<.....#
#...)...@F.....#
.)......ยง......# <..$.
###.....####.## !..#.#
##.....## .......
#.....?.# ......#.
#.......###.# .....##.##
#.............
...#.##...##....W.#......
...#.# #................


You could see a phantom and a giant frog.

Vanquished Creatures
  Eustachio (D:5)
  An ogre (D:4)
  A phantom (D:6)
  The ghost of George the Skirmisher, an amateur DsBe of Trog (D:3)
  2 centaurs
  A giant frog (D:3)
  A scorpion (D:4)
  A howler monkey (D:5)
  2 crimson imps (D:5)
  2 hounds
  A centaur skeleton (D:5)
  A worker ant (D:5)
  A hound skeleton (D:5)
  4 adders
  2 river rats (D:3)
  3 oozes
  An adder skeleton (D:4)
  A worm (D:2)
  3 dart slugs
  5 giant geckos
  8 orcs
  A ball python (D:1)
  19 giant cockroaches
  8 goblins
  7 hobgoblins
  4 jackals
  4 quokkas
  8 bats
  5 giant newts
  4 kobolds
  A quokka skeleton (D:5)
  5 rats
109 creatures vanquished.

Notes
Turn   | Place    | Note
-------+----------+-------------------------------------------
     0 | D:1      | MovingMist the Naga Fighter began the quest for the Orb.
     0 | D:1      | Reached XP level 1. HP: 21/21 MP: 1/1
   412 | D:1      | Reached XP level 2. HP: 26/28 MP: 2/2
   684 | D:1      | Reached skill level 1 in Dodging
   856 | D:1      | Reached XP level 3. HP: 31/34 MP: 3/3
  1247 | D:2      | Found a deep blue altar of Sif Muna.
  1252 | D:2      | Found a glowing silver altar of Zin.
  1252 | D:2      | Found an opulent altar of Gozag.
  1414 | D:2      | Reached XP level 4. HP: 42/42 MP: 4/4
  1881 | D:3      | Noticed George's ghost (amateur DsBe)
  1900 | D:3      | Killed George's ghost
  1900 | D:3      | Reached XP level 5. HP: 13/50 MP: 5/5
  2160 | D:3      | Found a deep blue altar of Sif Muna.
  2309 | D:3      | Reached XP level 6. HP: 11/57 MP: 6/6
  3234 | D:4      | Reached XP level 7. HP: 52/66 MP: 7/7
  3262 | D:4      | Found an ancient bone altar of Kikubaaqudgha.
  3366 | D:4      | Found a sacrificial altar of Ru.
  3498 | D:5      | Entered Level 5 of the Dungeon
  3555 | D:5      | Noticed Eustachio
  3600 | D:5      | Killed Eustachio
  3600 | D:5      | Reached skill level 5 in Fighting
  4026 | D:5      | Reached XP level 8. HP: 50/75 MP: 8/8
  4042 | D:5      | Found an iron altar of Okawaru.
  4445 | D:5      | Became a worshipper of Warmaster Okawaru
  4544 | D:6      | Reached skill level 5 in Axes
  4570 | D:6      | HP: 3/76 [phantom (2)]
  4588 | D:6      | HP: 1/76 [giant frog (3)]
  4589 | D:6      | Slain by a giant frog

Vault maps used:
D:1:      dpeg_arrival_rhombi
D:2:      minmay_roachtagon, grunt_temple_overflow_open, first_bread
D:3:      gup_sewer_entry_spiral, lemuel_blue_sif_altar
D:4:      marbit_many_paths, nicolae_ru_sacrificial_ziggurat
D:5:      nicolae_overflow_crystal_walls, uniq_eustachio
D:6:      nemelex_xobeh_ov_fountains_minmay

Skill      XL: |  1  2  3  4  5  6  7  8 |
---------------+-------------------------+-----
Dodging        | 1 2 3 |  3.8
Axes           | 3 4 5 |  5.0
Fighting       | 4 5 |  5.7
Armour         | 3 4 |  4.4
Shields        | |  2.4

Action                   |  1- 3 |  4- 6 |  7- 9 || total
-------------------------+-------+-------+-------++-------
Melee: War axe           |   111 |   181 |       ||   292
       Battleaxe         |       |     3 |   202 ||   205
 Abil: Spit Poison       |       |       |     1 ||     1
  Use: Scroll            |     4 |     5 |     3 ||    12
       Potion            |       |       |     2 ||     2
  Eat: Chunk             |     1 |     5 |     4 ||    10
Armor: Scale mail        |    62 |   111 |    67 ||   240
       Chain mail        |       |       |   116 ||   116
Dodge: Dodged            |    29 |    44 |   132 ||   205
Block: Shield            |    57 |    75 |       ||   132
